Map: Новое противостояние РВ

Players

Murena - Winner!

  • Race: Zerg Zerg
  • Spawn Location: 1:00

ИИ 1 (новичок)

  • Race: Zerg Zerg
  • Spawn Location: 7:00

VOD

Have the link to the VOD?

Description

Time

  • Played on: Aug. 16, 2019, 7:34 p.m.
  • Length: 8:44
Show
View Real Time Build Order
Export as new Build Order

Murena Zerg - Winner!

Build Orders: Pool First 

Get SALT Encoding   

  12  0:19  Spawning Pool  
  11  0:28  Overlord  
  11  0:51  Drone  
  12  1:06  Zergling x6  
  15  1:23  Zergling x2  
  16  1:26  Hatchery  
  15  1:46  Drone  
  16  2:07  Drone  
  3  3:02  Drone  
  4  3:19  Drone  
  5  3:31  Drone  
  6  3:46  Drone  
  7  3:55  Drone  
  8  4:08  Drone  
  9  4:18  Drone x2  
  11  4:25  Drone  
  11  4:31  Drone  
  13  4:46  Drone  
  13  4:47  Spine Crawler  
  13  4:50  Drone  
  14  4:56  Drone  
  15  5:02  Zergling x2  
  15  5:03  Zergling x2  
  17  5:07  Zergling x2  
  18  5:17  Queen  
  20  5:25  Zergling x2  
  20  5:26  Zergling x2  
  22  5:34  Queen  
  24  5:42  Drone  
  25  5:43  Drone  
  25  5:45  Drone  
  25  5:48  Drone  
  28  5:55  Overlord  
  28  6:16  Extractor  
  27  6:19  Drone x4  
  27  6:20  Drone x2  
  33  6:37  Zergling x6  
  36  6:45  Overlord x2  
  36  6:52  Roach Warren  
  35  6:54  Extractor  
  35  7:00  Extractor  
  33  7:02  Queen  
  33  7:04  Zergling x2  
  33  7:05  Zergling x6  
  39  7:14  Drone x2  
  41  7:25  Drone x2  
  43  7:40  Roach x2  
  43  7:43  Lair  
  47  7:51  Spore Crawler, Drone x2  
  48  8:09  Roach  
  48  8:10  Roach  
  50  8:20  Baneling Nest  
  50  8:22  Overlord  
  47  8:32  Spore Crawler  
  42  8:36  Spore Crawler  
Show
View Real Time Build Order
Export as new Build Order

ИИ 1 (новичок) Zerg 

Build Orders: Pool First 

Get SALT Encoding   

  12  0:01  Drone  
  13  0:12  Overlord  
  13  0:17  Drone  
  14  0:35  Spawning Pool  
  13  0:37  Extractor  
  13  0:39  Drone  
  13  0:47  Drone  
  14  0:52  Overlord  
  14  1:22  Zergling x2  
  14  1:23  Queen  
  17  1:31  Roach Warren  
  16  1:34  Drone  
  16  1:39  Extractor  
  16  1:40  Zergling x2  
  16  1:43  Drone  
  18  1:56  Drone  
  18  1:58  Zergling x2  
  20  2:07  Drone  
  21  2:17  Drone  
  21  2:28  Zergling x2  
  21  2:30  Drone  
  16  2:46  Zergling x2  
  16  2:47  Drone  
  14  2:54  Drone  
  14  3:01  Drone  
  15  3:15  Queen, Roach  
  19  3:33  Zergling x2  
  20  3:40  Drone  
  21  3:50  Zergling x2  
  21  3:51  Drone  
  23  4:01  Drone  
  24  4:12  Overlord  
  24  4:21  Drone  
  25  4:29  Drone  
  26  4:36  Drone  
  27  5:44  Drone  
  27  5:45  Lair  
  28  5:52  Drone  
  28  5:53  Overlord  
  29  5:59  Drone  
  30  6:06  Drone  
  31  6:13  Drone  
  32  6:20  Drone  
  32  6:24  Zergling x2  
  29  6:45  Overseer  
  29  6:46  Overseer  
  29  6:47  Spire, Zergling x2  
  29  6:48  Drone  
  30  7:11  Zergling x2  
  31  7:49  Hatchery  
  30  7:59  Mutalisk  
  28  8:20  Drone  
  28  8:23  Zergling x2  
  21  8:27  Drone  
Tags
 
Add a new tag
Caveats
  • Supply blocks, unpowered buildings, or Contaminate may cause inaccurate times.
  • Supply counts are checked every 10 seconds.